Map: [ESL] Inside and Out

Players

Velego

  • Race: Protoss Protoss
  • League: Diamond
  • Spawn Location: 7:00

Control - Winner!

  • Race: Terran Terran
  • Spawn Location: 1:00

Event: DreamHack SC2 Masters 2022 Valencia

VOD

Have the link to the VOD?

Description

Time

  • Played on: July 1, 2022, 2:33 p.m.
  • Length: 12:01

All games in this series

Show
View Real Time Build Order
Export as new Build Order

Velego Protoss 

Build Orders: 1 Gate Expand, Blink Stalkers, Colossus Rush 

Get SALT Encoding   

  12  0:00  Probe  
  13  0:12  Probe  
  14  0:19  Pylon  
  14  0:24  Probe  
  15  0:37  Probe (Chrono Boost), Gateway  
  16  0:46  Probe (Chrono Boost), Assimilator  
  17  0:51  Probe  
  18  1:03  Probe  
  19  1:15  Probe  
  20  1:25  Cybernetics Core  
  20  1:32  Nexus  
  20  1:40  Pylon  
  20  1:43  Probe  
  21  1:50  Assimilator  
  21  1:55  Probe  
  21  1:58  Adept (Chrono Boost)  
  22  2:07  Probe  
  25  2:20  Probe  
  26  2:23  Stalker  
  26  2:29  Shield Battery  
  28  2:36  Probe (Chrono Boost)  
  28  2:41  Twilight Council  
  28  2:47  Probe (Chrono Boost)  
  28  2:48  Probe (Chrono Boost)  
  30  2:54  Probe (Chrono Boost)  
  30  2:55  Probe (Chrono Boost)  
  32  2:59  Stalker, Probe (Chrono Boost)  
  32  3:02  Warp Gate (Chrono Boost)  
  32  3:04  Probe (Chrono Boost)  
  37  3:14  Blink (Chrono Boost)  
  37  3:16  Probe x2 (Chrono Boost)  
  38  3:24  Probe (Chrono Boost)  
  38  3:26  Probe (Chrono Boost)  
  40  3:31  Probe  
  41  3:36  Gateway  
  41  3:37  Robotics Facility  
  41  3:38  Probe  
  42  3:43  Probe  
  42  3:46  Gateway  
  43  3:50  Probe  
  43  3:54  Pylon  
  43  3:55  Probe  
  45  3:57  Pylon  
  45  4:03  Probe  
  46  4:12  Stalker, Probe  
  46  4:15  Probe  
  50  4:24  Probe  
  50  4:25  Stalker  
  50  4:28  Probe, Immortal  
  50  4:31  Shield Battery  
  58  4:36  Probe  
  59  4:40  Probe  
  59  4:42  Robotics Bay  
  58  4:46  Assimilator  
  58  4:48  Pylon  
  58  4:49  Pylon  
  58  4:50  Stalker  
  58  4:51  Stalker, Assimilator  
  62  5:06  Probe x2  
  64  5:12  Forge  
  64  5:14  Pylon  
  64  5:15  Stalker  
  64  5:16  Gateway  
  64  5:18  Probe x2  
  68  5:30  Probe x2  
  70  5:38  Colossus (Chrono Boost)  
  70  5:39  Nexus  
  70  5:41  Pylon  
  76  5:45  Protoss Ground Weapons Level 1 (Chrono Boost)  
  76  5:51  Probe  
  77  5:58  Probe, Extended Thermal Lance  
  78  6:04  Probe  
  78  6:10  Probe  
  80  6:11  Sentry  
  80  6:12  Zealot x2  
  80  6:14  Charge  
  80  6:17  Observer (Chrono Boost)  
  80  6:18  Probe  
  87  6:20  Shield Battery  
  87  6:21  Pylon  
  87  6:22  Pylon  
  88  6:30  Probe x2  
  90  6:34  Pylon x2  
  90  6:36  Observer  
  89  6:44  Sentry  
  89  6:45  Zealot x3  
  97  6:48  Probe  
  96  6:57  Colossus  
  96  6:59  Probe x2  
  104  7:05  Probe  
  104  7:07  Shield Battery  
  105  7:12  Shield Battery  
  105  7:18  Stalker x2  
  105  7:19  Zealot x2  
  111  7:23  Pylon  
  111  7:24  Probe  
  111  7:25  Assimilator  
  111  7:29  Gateway  
  112  7:33  Gateway  
  113  7:37  Probe  
  113  7:38  Assimilator  
  113  7:40  Stalker x2  
  113  7:42  Zealot x2  
  113  7:43  Protoss Ground Weapons Level 2 (Chrono Boost)  
  121  7:57  Colossus (Chrono Boost)  
  123  8:07  Stalker x3  
  129  8:13  Probe  
  129  8:15  Probe  
  131  8:23  Templar Archives, Gateway  
  131  8:24  Gateway  
  131  8:29  Zealot  
  131  8:33  Pylon  
  133  8:37  Pylon  
  133  8:38  Pylon  
  133  8:39  Pylon  
  133  8:45  Nexus  
  133  8:48  Pylon  
  133  8:49  Photon Cannon  
  133  8:51  Probe, Warp Prism (Chrono Boost)  
  136  9:00  Probe x2  
  137  9:09  High Templar  
  139  9:10  High Templar x2  
  139  9:11  High Templar  
  139  9:12  Zealot x2  
  139  9:16  Pylon  
  149  9:17  Archon x2  
  149  9:18  Nexus  
  153  9:34  Zealot x4  
  155  9:42  Zealot x3  
  126  10:21  Pylon  
  126  10:24  Pylon  
  126  10:25  Gateway  
  126  10:26  Pylon, Probe, Gateway  
  126  10:27  Pylon  
  119  10:29  Gateway  
  119  10:38  Probe  
  119  10:42  Probe  
  121  10:45  Gateway  
  121  10:46  Dark Shrine  
  121  10:49  Pylon, Gateway  
  121  10:50  Robotics Facility  
  121  10:51  Gateway  
  121  10:53  High Templar x3  
  121  10:54  High Templar x3  
  132  11:01  Pylon  
  132  11:03  Pylon  
  132  11:08  Archon x2  
  132  11:26  Forge  
  132  11:32  Nexus  
  132  11:34  Pylon, Robotics Facility  
  132  11:38  Photon Cannon  
  132  11:39  Pylon  
  132  11:40  Photon Cannon  
  132  11:42  Photon Cannon  
  132  11:45  Shield Battery, Zealot x7  
Show
View Real Time Build Order
Export as new Build Order

Control Terran - Winner!

Build Orders: Reaper Expand 

Get SALT Encoding   

  12  0:00  SCV  
  13  0:12  SCV  
  14  0:17  Supply Depot  
  14  0:24  SCV  
  15  0:38  SCV  
  15  0:39  Barracks  
  16  0:44  Refinery  
  16  0:50  SCV  
  17  1:02  SCV  
  18  1:15  SCV  
  19  1:27  Orbital Command  
  19  1:28  Reaper  
  20  1:46  Command Center  
  20  1:52  SCV  
  21  2:01  Barracks Reactor  
  21  2:07  Bunker  
  21  2:10  Barracks, SCV  
  22  2:20  Supply Depot  
  22  2:22  SCV  
  23  2:36  SCV  
  23  2:40  Barracks  
  23  2:41  Marine x2  
  25  2:51  SCV  
  26  2:57  Barracks Tech Lab  
  26  3:00  Orbital Command  
  26  3:02  Marine x2  
  28  3:09  SCV  
  28  3:11  Supply Depot  
  29  3:15  Marine  
  29  3:16  Stimpack  
  30  3:21  SCV, Marine x2  
  33  3:27  SCV  
  33  3:32  Barracks Tech Lab  
  33  3:33  SCV, Marine  
  36  3:37  Refinery  
  36  3:39  SCV  
  36  3:40  Marine  
  38  3:44  Marine, Supply Depot  
  38  3:45  SCV  
  40  3:51  Marine x2  
  40  3:55  SCV  
  43  3:57  SCV  
  43  3:58  Marine  
  43  4:00  Factory  
  43  4:02  Marine  
  46  4:07  SCV, Supply Depot  
  46  4:08  Combat Shield  
  46  4:09  SCV  
  48  4:15  Marine  
  48  4:16  Refinery  
  49  4:19  SCV  
  49  4:22  Engineering Bay, Marine x2  
  52  4:24  Marine  
  52  4:28  SCV  
  53  4:31  SCV  
  53  4:32  Marine  
  53  4:40  Marine x2  
  53  4:44  SCV  
  56  4:45  Marine  
  56  4:46  SCV  
  56  4:51  Marauder, Terran Infantry Weapons Level 1  
  60  4:53  Starport  
  60  4:56  SCV, Factory Reactor  
  60  4:59  Marine x2  
  63  5:00  SCV  
  63  5:06  Marauder  
  65  5:08  SCV  
  67  5:15  Marauder  
  67  5:16  SCV  
  67  5:18  Refinery  
  67  5:20  SCV  
  69  5:27  Marauder  
  69  5:28  SCV  
  68  5:33  SCV  
  67  5:36  Marine  
  67  5:37  Marauder  
  70  5:44  Supply Depot, SCV, Marine  
  70  5:45  SCV  
  70  5:47  Medivac x2  
  77  5:50  Factory Reactor  
  77  5:52  Missile Turret  
  77  5:54  Marine, Marauder  
  75  5:58  SCV, Marauder  
  75  5:59  SCV  
  75  6:01  Concussive Shells  
  76  6:10  SCV  
  77  6:18  Supply Depot  
  77  6:22  Command Center  
  77  6:28  Marine x2, Widow Mine x2  
  77  6:29  Marauder  
  85  6:33  Supply Depot  
  85  6:34  Reaper  
  85  6:38  Medivac  
  88  6:41  Medivac  
  88  6:46  SCV x2  
  91  6:47  Supply Depot  
  91  6:58  Barracks, SCV  
  91  6:59  Barracks  
  91  7:01  Marine  
  93  7:04  SCV  
  94  7:09  Marauder  
  94  7:10  SCV  
  94  7:18  SCV  
  94  7:22  SCV  
  96  7:29  Marine x2  
  98  7:30  SCV  
  98  7:31  Terran Infantry Armor Level 1  
  98  7:34  SCV  
  98  7:36  Engineering Bay, Armory  
  100  7:39  Orbital Command  
  100  7:42  SCV  
  101  7:46  SCV  
  101  7:48  Marine  
  101  7:49  Marauder  
  101  7:50  Viking  
  107  7:54  Viking, SCV  
  107  7:58  SCV, Marine, Marauder  
  113  7:59  Marine x2  
  116  8:06  SCV, Marine  
  116  8:09  SCV  
  116  8:10  SCV  
  120  8:18  SCV  
  120  8:19  Marine  
  120  8:20  Barracks Tech Lab, Barracks Reactor, Supply Depot  
  120  8:21  SCV, Supply Depot  
  120  8:22  SCV  
  120  8:24  Ghost Academy  
  72  8:27  Viking x2  
  121  8:30  SCV  
  121  8:31  Starport  
  121  8:33  SCV  
  127  8:34  SCV  
  127  8:36  Bunker  
  127  8:37  Terran Infantry Weapons Level 2  
  127  8:39  Refinery, Supply Depot  
  127  8:40  Marine x2  
  130  8:44  Marauder x2  
  130  8:47  SCV  
  135  8:49  Refinery  
  135  8:50  Marine  
  134  8:57  Marine  
  135  9:03  Viking  
  135  9:05  Marauder  
  135  9:06  Marine, Marauder  
  135  9:08  Marauder  
  144  9:10  Viking x2  
  144  9:11  Viking  
  150  9:28  Ghost  
  150  9:29  Ghost x2, Marine  
  157  9:33  Command Center  
  157  9:37  Terran Ship Weapons Level 1  
  157  9:43  Marine  
  146  10:00  Marine x2  
  146  10:01  Viking, Marauder  
  146  10:03  Marine x2  
  146  10:04  Marauder x2  
  150  10:20  Marine x2  
  150  10:21  Marine x2  
  133  10:22  Marauder  
  133  10:25  Marauder x2  
  130  10:32  SCV x2  
  125  10:36  Medivac x4  
  125  10:37  Marine  
  125  10:38  Marine  
  125  10:39  Marine  
  134  10:44  Marine  
  134  10:45  SCV x2, Marauder  
  134  10:46  Marauder  
  134  10:47  Marauder, Planetary Fortress  
  143  10:57  SCV  
  144  11:06  Medivac x2  
  150  11:11  Marauder x3  
  150  11:16  Marine  
  155  11:19  Command Center  
  155  11:29  Marine x2  
  157  11:36  Supply Depot  
  157  11:37  Supply Depot  
  157  11:40  Marine  
  157  11:41  Marine  

Tags
 
Add a new tag
Caveats
  • Supply blocks, unpowered buildings, or Contaminate may cause inaccurate times.
  • Supply counts are checked every 10 seconds.